 Dungeon Crawl Stone Soup version 0.29.1-15-g9cfb28693d (webtiles) character file.

Game seed: 11988938985807204232

340 BlackCrag the Magician (level 6, 0/32 HPs)
             Began as a Deep Elf Earth Elementalist on Mar 9, 2023.
             Shot with an arrow by a centaur (13 damage)
             ... on level 4 of the Dungeon.
             The game lasted 00:15:06 (3705 turns).

BlackCrag the Magician (DEEE)                       Turns: 3705, Time: 00:15:08

Health: 0/32       AC:  2    Str:  5    XL:     6   Next: 30%
Magic:  20/26      EV: 13    Int: 22    God:
Gold:   126        SH:  0    Dex: 15    Spells: 7/17 levels left

rFire   . . .      SeeInvis +   (no weapon)
rCold   . . .      Faith    .   (no shield)
rNeg    . . .      Spirit   .   a - +0 robe
rPois   .          Reflect  .   (no helmet)
rElec   .          Harm     .   u - scarf {shadows}
rCorr   .          Rampage  .   (no gloves)
Will    .....                   (no boots)
Stlth   ++........              j - amulet of the acrobat
HPRegen 0.10/turn               q - ring of magical power
MPRegen 0.20/turn               m - ring of see invisible

@: no status effects
A: no striking features
a: no special abilities


You were on level 4 of the Dungeon.
You visited 1 branch of the dungeon, and saw 4 of its levels.

You collected 126 gold pieces.

Inventory:

Armour
 a - a +0 robe (worn)
 u - a scarf of shadows (worn)
Jewellery
 j - an amulet of the acrobat (around neck)
 m - a ring of see invisible (right hand)
 q - a ring of magical power (left hand)
Wands
 v - a wand of charming (5)
Scrolls
 d - a scroll of noise {unknown}
 e - a scroll of poison
 g - a scroll of magic mapping {unknown}
 h - a scroll of fog {unknown}
 i - a scroll of acquirement {unknown}
 k - 2 scrolls of teleportation
 l - a scroll of amnesia
 p - a scroll of brand weapon
 s - a scroll of identify {unknown}
 t - a scroll of blinking {unknown}
Potions
 b - a potion of magic
 c - a potion of haste {unknown}
 f - 2 potions of attraction {unknown}
 n - 2 potions of curing {unknown}
 o - a potion of lignification {unknown}
 r - a potion of degeneration {unknown}


   Skills:
 + Level 0.2 Fighting
 + Level 2.7 Dodging
 + Level 2.9 Stealth
 * Level 6.4 Spellcasting
 * Level 0.8 Conjurations
 + Level 1.2 Transmutations
 * Level 5.6 Earth Magic


You had 7 spell levels left.
You knew the following spells:

 Your Spells              Type           Power      Damage    Failure   Level
a - Sandblast             Erth           64%        2d14      1%          1
b - Passwall              Tmut/Erth      18%        N/A       3%          2
c - Stone Arrow           Conj/Erth      42%        3d9       7%          3
d - Petrify               Tmut/Erth      22%        N/A       22%         4

Your spell library contained the following spells:

 Spells                   Type           Power      Damage    Failure   Level
 Blade Hands              Tmut           6%         N/A       83%         5
 Irradiate                Conj/Tmut      5%         3d13      85%         5
 Dragon Form              Tmut           6%         N/A       100%        7


Dungeon Overview and Level Annotations

Branches:
Dungeon (4/15)
 Temple: D:4-7

Altars:
Trog
Zin

Shops:
D:3 (


Message History

Found a robe.
There is an open door here.
Found an embroidered scarf.
Found a dagger and a curved bone wand.
You hear the slow hiss of a very distant avalanche of sand.
You see here a scarf of shadows.
u - a scarf of shadows You start putting on your armour.
You continue putting on your scarf of shadows. x4
You finish putting on your scarf of shadows.
It gets dark.
You see here a +0 dagger.
v - a wand of charming (5)
A centaur comes into view.
Found a stone staircase leading down.
The centaur shouts!
You hear a shout!
The centaur wields a +0 shortbow.
The centaur shoots an arrow.
The arrow completely misses you.
A centaur comes into view.
Casting: Sandblast (safe; 1% risk of failure)
Confirm with . or Enter, or press ? or * to list all spells.
The spell is quite dangerous to miscast (7% risk of failure)!
Continue anyway?
Aiming: Stone Arrow (quite dangerous; 7% risk of failure)
Press: ? - help, Shift-Dir - straight line, f - centaur
Aim: a centaur (83% to hit)
The stone arrow hits the centaur!
The centaur is severely wounded.
The centaur wields a +0 shortbow.
The centaur shoots an arrow.
The arrow hits you!
Casting: Stone Arrow (quite dangerous; 7% risk of failure)
Confirm with . or Enter, or press ? or * to list all spells.
The spell is quite dangerous to miscast (7% risk of failure)!
Continue anyway?
Aiming: Stone Arrow (quite dangerous; 7% risk of failure)
Press: ? - help, Shift-Dir - straight line, f/p - centaur
Aim: a centaur, wielding a +0 shortbow (severely wounded, 83% to hit)
The stone arrow hits the centaur!
The centaur is severely wounded.
The centaur shoots an arrow.
The arrow hits you!
The centaur shoots an arrow.
The arrow hits you.
The centaur shoots an arrow.
The arrow hits you!
You die...

. ##### ##
.. .... ..#
##. ..# #.#
#... #.#
#.#
#..c#.###.#
#c.@.##.#
#.#.....#
.. #.###.#
#. #..# #.#
.. ...##
#.# > ####
#.# #.# #.#
#.#


You could see 2 centaurs.

Vanquished Creatures
  Sigmund (D:2)
  A hound (D:2)
  Jessica (D:2)
  An orc wizard (D:3)
  2 adders
  A worm (D:2)
  A dart slug (D:1)
  5 orcs (D:3)
  4 endoplasms
  4 giant cockroaches
  7 goblins
  6 hobgoblins
  3 jackals (D:2)
  5 quokkas
  6 ball pythons
  9 bats
  2 frilled lizards (D:1)
  6 kobolds
  8 rats
73 creatures vanquished.

Notes
Turn   | Place    | Note
-------+----------+-------------------------------------------
     0 | D:1      | BlackCrag the Deep Elf Earth Elementalist began the quest
                  | for the Orb.
     0 | D:1      | Reached XP level 1. HP: 10/10 MP: 6/6
   123 | D:1      | Reached XP level 2. HP: 15/15 MP: 4/8
   209 | D:1      | Learned a level 2 spell: Passwall
   585 | D:1      | Reached XP level 3. HP: 19/19 MP: 7/10
   589 | D:1      | Learned a level 3 spell: Stone Arrow
  1062 | D:2      | Reached skill level 4 in Spellcasting
  1062 | D:2      | Reached XP level 4. HP: 24/24 MP: 7/12
  1329 | D:2      | Noticed Sigmund
  1891 | D:2      | Killed Sigmund
  1892 | D:2      | Reached skill level 5 in Spellcasting
  1892 | D:2      | Reached skill level 5 in Earth Magic
  1892 | D:2      | Reached XP level 5. HP: 28/28 MP: 1/15
  2105 | D:2      | Noticed Jessica
  2107 | D:2      | Killed Jessica
  2108 | D:2      | Reached skill level 6 in Spellcasting
  2108 | D:2      | Reached XP level 6. HP: 32/32 MP: 13/17
  2162 | D:2      | Learned a level 4 spell: Petrify
  2434 | D:2      | Found a faded altar of an unknown god.
  3119 | D:3      | Found a glowing silver altar of Zin.
  3213 | D:3      | Found a bloodstained altar of Trog.
  3442 | D:3      | Found Zorgh's Antique Weapon Boutique.
  3705 | D:4      | Shot with an arrow by a centaur

Illustrated notes

Levels and vault maps discovered:
D:1:      lightli_arrival_statue_moat, layout_rooms
D:2:      layout_basic, ebering_ecumenical_altar_ruins, uniq_jessica,
          uniq_sigmund
D:3:      layout_basic, trog_antimagical, mainiacjoe_overflow_surrounded_room,
          serial_shops, nicolae_shop_competitors_out_of_business
D:4:      layout_basic, general_overflow_altar, enter_ossuary_4,
          ebering_ghost_inner_flame, minmay_manual_mares, uniq_grinder

Skill      XL: |  1  2  3  4  5 |
---------------+----------------+-----
Earth Magic    | 4 5 |  5.6
Spellcasting   | 4 5 6 |  6.4
Fighting       | |  0.2
Dodging        | |  2.7
Stealth        | |  2.9
Conjurations   | |  0.8
Transmutations | |  1.2

Action                   |  1- 3 |  4- 6 || total
-------------------------+-------+-------++-------
 Cast: Sandblast         |    46 |    28 ||    74
       Passwall          |     5 |    10 ||    15
       Stone Arrow       |     2 |    26 ||    28
  Use: Scroll            |       |     4 ||     4
Armor: Robe              |     3 |     2 ||     5
Dodge: Dodged            |     6 |    13 ||    19
